 Dungeon Crawl Stone Soup version 0.25-a0-737-g26c3a87c45 (webtiles) character file.

Game seed: 10845519775149049722, levelgen mode: deterministic

1470 Maedhros the Covert (level 8, -2/48 HPs)
             Began as an Octopode Artificer on Apr 12, 2020.
             Was a Follower of Cheibriados.
             Killed from afar by an orc wizard (12 damage)
             ... with a puff of flame
             ... on level 7 of the Dungeon.
             The game lasted 00:18:20 (3495 turns).

Maedhros the Covert (Octopode Artificer)            Turns: 3495, Time: 00:18:20

Health: -2/48      AC:  1    Str: 18      XL:     8   Next: 78%
Magic:  10/10      EV: 13    Int: 16      God:    Cheibriados [*.....]
Gold:   396        SH:  0    Dex: 15 (16) Spells: 7/7 levels left

rFire    . . .     SeeInvis .   a - +1 short sword
rCold    . . .     Gourm    .   (no shield)
rNeg     + . .     Faith    .   (helmet restricted)
rPois    .         Spirit   .   e - amulet of regeneration
rElec    .         Reflect  .   n - ring of positive energy
rCorr    .         Harm     .   y - ring of wizardry
MR       .....                  (no ring)
Stlth    ++++++....             (no ring)
HPRegen  0.56/turn              (no ring)
MPRegen  0.12/turn              (no ring)
                                (no ring)
                                (no ring)

@: lightly drained, very slow
A: almost no armour, stealthy swim, amphibious, 8 rings, constrict 8, camouflage
1, clumsy 1, strong 2, gelatinous body 1, no potion heal 1
a: Bend Time, Renounce Religion


You were on level 7 of the Dungeon.
You worshipped Cheibriados.
Cheibriados was aware of your devotion.
You were hungry.

You visited 2 branches of the dungeon, and saw 8 of its levels.
You also visited: Ossuary.

You collected 396 gold pieces.

Inventory:

Hand Weapons
 a - a +1 short sword (weapon)
Missiles
 t - 15 poisoned darts (quivered)
Jewellery
 e - an amulet of regeneration (around mantle)
 n - a ring of positive energy (left tentacle)
 o - an uncursed ring of ice
 y - a ring of wizardry (right tentacle)
Wands
 c - a wand of enslavement (4)
 d - a wand of random effects (8)
Scrolls
 b - a scroll of teleportation {unknown}
 g - a scroll of enchant weapon
 m - 3 scrolls of remove curse
 p - a scroll of amnesia
 v - a scroll of silence {unknown}
 w - a scroll of noise {unknown}
 x - 2 scrolls of enchant armour
Potions
 i - a potion of resistance
 j - 2 potions of curing
 l - a potion of stabbing
 r - 4 potions of invisibility
 s - a potion of might
 u - a potion of haste {unknown}
 z - 3 potions of heal wounds {unknown}
Comestibles
 f - 7 rations


   Skills:
 - Level 1.0(0.8) Fighting
 - Level 1.0(0.8) Short Blades
 - Level 2.0(1.8) Dodging
 + Level 10.6(10.3) Stealth
 + Level 7.3(7.1) Unarmed Combat
 - Level 3.2(3.0) Evocations


You had 7 spell levels left.
You didn't know any spells.
Your spell library was empty.

Dungeon Overview and Level Annotations

Branches:
Dungeon (7/15)             Temple (1/1) D:4         Ossuary (visited)

Altars:
Ashenzari
Cheibriados
Dithmenos
Elyvilon
Fedhas
Gozag
Hepliaklqana
Makhleb
Nemelex Xobeh
Okawaru
Qazlal
Ru
Sif Muna
Trog
Uskayaw
Vehumet
Wu Jian
Xom
Yredelemnul
Zin
The Shining One

Shops:
D:6 %


Innate Abilities, Weirdness & Mutations

You cannot wear most types of armour.
You are very stealthy in the water. (Stealth+)
You are amphibious.
You can wear up to eight rings at the same time.
You can use your tentacles to constrict eight enemies at once.
Your skin changes colour to match your surroundings (Stealth+).
Your rubbery body absorbs attacks. (AC +1, EV +1)
You are clumsy. (Dex -2)
Your muscles are very strong. (Str +4)
Potions are less effective at restoring your health.


Message History

Evoke which item? (* to show all) (? for menu, Esc to quit)
You don't have any such object.
Evoke which item? (* to show all) (? for menu, Esc to quit)
Aiming: Enslavement
Press: ? - help, Shift-Dir - straight line Nothing appears to happen.
Something hits you.
* * * LOW HITPOINT WARNING * * *
Your system partially rejects the healing.
You feel better.
The worker ant zombie waves its antennae.
Something hits you.
* * * LOW HITPOINT WARNING * * *
Evoke which item? (* to show all) (? for menu, Esc to quit)
Aiming: Enslavement
Press: ? - help, Shift-Dir - straight line Nothing appears to happen.
You hear some strange, mumbled words.
A puff of flame appears from out of thin air!
The puff of flame hits you!
You die...

#.#...#.#..#
#.#.##....#..#
#.........#..# ###
###.##.##.#..# ..#
..#..#..#.#.. #.#
#.#..##.#.# #.#
#.#..##.# #
#######.####.#.###.#
........Z.@..>...(.#
#####..####.......#
#..# ##.####.#
#######..# #.# #.#
...o.....# #.# #.#
..Z...Z..# #.. ..#
.........# ### ###
..........
........###


You could see a worker ant zombie.

Vanquished Creatures
  An orc warrior (D:5)
  A sky beast (D:6)
  3 ogres (D:6)
  A bullfrog (D:6)
  3 water moccasin zombies (Ossuary)
  2 scorpions (D:5)
  3 wights (D:6)
  2 crimson imps (D:5)
  A hound (D:6)
  2 jellies
  A quasit (D:4)
  A bullfrog skeleton (D:5)
  2 iguanas
  A worker ant (D:4)
  2 big kobold zombies (Ossuary)
  A hound skeleton (D:5)
  2 mummies (Ossuary)
  4 gnolls
  7 adders
  4 adder zombies (Ossuary)
  A worm (D:4)
  4 leopard geckos
  14 orcs
  3 ball pythons (D:1)
  4 bats
  3 giant cockroaches
  3 gnoll zombies (Ossuary)
  4 goblins
  4 hobgoblins
  4 jackals (D:2)
  2 quokkas
  5 frilled lizards
  5 hobgoblin zombies (Ossuary)
  A jackal zombie (D:5)
  4 kobolds (D:1)
  7 kobold zombies (Ossuary)
  A leopard gecko skeleton (D:4)
  3 orc zombies (Ossuary)
  7 rats
  2 fungi (D:5)
125 creatures vanquished.

Vanquished Creatures (collateral kills)
  A phantom (D:6)
  2 adders (D:2)
  A hobgoblin (D:2)
  A rat (D:2)
5 creatures vanquished.

Vanquished Creatures (others)
  An orc priest (D:5)
  A worm (D:2)
  3 toadstools (D:5)
5 creatures vanquished.

Grand Total: 135 creatures vanquished

Notes
Turn   | Place    | Note
-------+----------+-------------------------------------------
     0 | D:1      | Maedhros the Octopode Artificer began the quest for the
                  | Orb.
     0 | D:1      | Reached XP level 1. HP: 13/13 MP: 3/3
   190 | D:1      | Reached skill level 2 in Stealth
   200 | D:1      | Reached skill level 1 in Unarmed Combat
   200 | D:1      | Reached XP level 2. HP: 15/18 MP: 4/4
   312 | D:2      | Reached skill level 3 in Stealth
   312 | D:2      | Reached XP level 3. HP: 13/23 MP: 5/5
   335 | D:2      | Found an iron altar of Okawaru.
   532 | D:4      | Found a staircase to the Ecumenical Temple.
   546 | Temple   | Entered the Ecumenical Temple
   798 | D:5      | Entered Level 5 of the Dungeon
   814 | D:5      | Reached skill level 4 in Stealth
   814 | D:5      | Reached XP level 4. HP: 28/28 MP: 6/6
   943 | D:5      | Reached skill level 5 in Stealth
   943 | D:5      | Reached XP level 5. HP: 15/33 MP: 7/7
   977 | D:5      | Noticed a phantom
  1020 | D:5      | Found a sand-covered staircase.
  1026 | Ossuary  | Entered an ossuary
  1053 | Ossuary  | Reached skill level 6 in Stealth
  1053 | Ossuary  | Reached XP level 6. HP: 21/38 MP: 8/8
  1239 | Ossuary  | Reached skill level 7 in Stealth
  1258 | Ossuary  | Reached XP level 7. HP: 21/43 MP: 9/9
  1384 | D:6      | Found Kiezaaf's Food Emporium.
  1394 | D:6      | Reached skill level 5 in Unarmed Combat
  1454 | D:6      | Reached skill level 8 in Stealth
  1497 | D:6      | Found an ornate altar of the Wu Jian Council.
  1497 | D:6      | Found a shattered altar of Ashenzari.
  1545 | D:6      | Killed an ogre
  1716 | D:6      | Reached skill level 9 in Stealth
  1716 | D:6      | Reached XP level 8. HP: 48/48 MP: 10/10
  2038 | D:5      | Reached skill level 10 in Stealth
  2124 | D:5      | Found a snail-covered altar of Cheibriados.
  2136 | D:5      | Became a worshipper of Cheibriados the Contemplative
  2548 | D:2      | Gained mutation: Your muscles are strong. (Str +2) [potion
                  | of mutation]
  2548 | D:2      | Gained mutation: Potions are less effective at restoring
                  | your health. [potion of mutation]
  2548 | D:2      | Gained mutation: You are clumsy. (Dex -2) [potion of
                  | mutation]
  2548 | D:2      | Gained mutation: Your muscles are very strong. (Str +4)
                  | [potion of mutation]
  2715 | D:1      | Reached * piety under Cheibriados
  3495 | D:7      | Killed from afar by an orc wizard

Levels and vault maps discovered:
D:1:      dpeg_arrival_renting, layout_basic, st_stairs_3,
          chequers_serial_rivers_large_b, minmay_shallow_snake_nest
D:2:      layout_rooms, chequers_ecumenical_altar_twisty,
          okawaru_metal_pillars_3
D:3:      layout_basic
D:4:      layout_gridville, minmay_temple_entry_stoned_glass
D:5:      layout_loops_cross, nicolae_overflow_crystal_walls, enter_ossuary_5,
          first_ration, minmay_gold_behind_fungi, minmay_fractal_squares_5
D:6:      layout_loops_cross, gammafunk_temple_overflow_pools, serial_shops,
          shop_statue, hangedman_abyss_or_decor_stagger
D:7:      layout_basic, basic_altar, serial_shops, kennysheep_little_box
Temple:   regret_index_temple_mists

Skill      XL: |  1  2  3  4  5  6  7  8 |
---------------+-------------------------+-----
Stealth        | 2 3 4 5 6 7 9 10 | 10.6
Unarmed Combat | 1 2 3 4 6 7 |  7.3
Fighting       | |  1.0
Short Blades   | |  1.0
Dodging        | |  2.0
Evocations     | |  3.2

Action                   |  1- 3 |  4- 6 |  7- 9 || total
-------------------------+-------+-------+-------++-------
Melee: Short sword       |    50 |   106 |   142 ||   298
       Constrict         |    14 |    27 |    32 ||    73
       Tentacles         |     4 |    24 |    28 ||    56
       Punch             |       |     5 |     4 ||     9
Evoke: Wand              |     9 |     8 |    25 ||    42
  Use: Scroll            |     3 |       |    10 ||    13
       Potion            |       |       |     2 ||     2
 Stab: Sleeping          |     4 |    11 |    15 ||    30
       Paralysed         |       |     2 |     2 ||     4
       Distracted        |       |       |     3 ||     3
  Eat: Chunk             |       |       |     7 ||     7
Armor: Skin              |     1 |     1 |     4 ||     6
Dodge: Dodged            |    31 |    46 |    71 ||   148

Table legend:
 A = Non-vault XP
 B = Vault XP
 C = Vault XP percentage of total XP
 D = Non-vault monster count
 E = Vault monster count
 F = Vault count percentage of total count
                 A         B        C        D         E       F
            +---------+---------+-------+---------+---------+-------
      Total |    1693 |     407 |  19.4 |      92 |      36 |  28.1
            +---------+---------+-------+---------+---------+-------
        D:1 |      30 |       7 |  18.9 |      13 |       5 |  27.8
        D:2 |      56 |       0 |   0.0 |      19 |       0 |   0.0
        D:3 |      89 |       0 |   0.0 |      11 |       0 |   0.0
        D:4 |     158 |       0 |   0.0 |      15 |       0 |   0.0
        D:5 |     472 |      31 |   6.2 |      10 |       2 |  16.7
        D:6 |     888 |       0 |   0.0 |      24 |       0 |   0.0
    Ossuary |       0 |     369 | 100.0 |       0 |      29 | 100.0
            +---------+---------+-------+---------+---------+-------
